 Dungeon Crawl Stone Soup version 0.30.1-4-g462c640d31 (webtiles) character file.

Game seed: 2689862792170472040

511 safid the Chiller (level 7, -2/55 HPs)
             Began as a Merfolk Ice Elementalist on Aug 21, 2023.
             Slain by a phantom (7 damage)
             ... in the Ecumenical Temple.
             The game lasted 00:05:29 (3724 turns).

safid the Chiller (Merfolk Ice Elementalist)        Turns: 3724, Time: 00:05:30

Health: -2/55      AC:  2    Str:  8    XL:     7   Next: 19%
Magic:  10/13      EV: 12    Int: 17    God:
Gold:   223        SH:  0    Dex: 14    Spells: 4/14 levels left

rFire   . . .        h - +2 hand axe (venom)
rCold   . . .        (no shield)
rNeg    . . .        a - +0 robe
rPois   .            (no helmet)
rElec   .            (no cloak)
rCorr   .            (no gloves)
SInv    .            (no boots)
Will    .....        (no amulet)
Stlth   ++           (no ring)
HPRegen 0.29/turn    (no ring)
MPRegen 0.13/turn

%: no passive effects
@: no status effects
A: (nimble swimmer 2), mertail
a: no special abilities


You were in the Ecumenical Temple.
You visited 2 branches of the dungeon, and saw 6 of its levels.

You collected 223 gold pieces.

Inventory:

Hand Weapons
 h - a +2 hand axe of venom (weapon)
Armour
 a - a +0 robe (worn)
Jewellery
 k - a +6 ring of dexterity
Scrolls
 c - 4 scrolls of magic mapping {unknown}
 i - a scroll of enchant weapon {unknown}
 j - 2 scrolls of identify {unknown}
Potions
 b - 2 potions of magic
 d - 4 potions of curing
 e - a potion of brilliance {unknown}
 f - a potion of resistance {unknown}
 g - 2 potions of might {unknown}


   Skills:
 + Level 4.4 Fighting
 - Level 2.6 Dodging
 - Level 2.1 Stealth
 + Level 4.3 Spellcasting
 + Level 6.4 Ice Magic


You had 4 spell levels left.
You knew the following spells:

 Your Spells              Type           Power      Damage    Failure   Level
a - Freeze                Ice            100%       1d10      1%          1
b - Frozen Ramparts       Ice            50%        1d8       3%          3
c - Ozocubu's Armour      Ice            25%        N/A       3%          3
d - Hailstorm             Conj/Ice       14%        3d5       12%         3

Your spell library contained the following spells:

 Spells                   Type           Power      Damage    Failure   Level
 Ensorcelled Hibernation  Hex/Ice        28%        N/A       6%          2
 Summon Ice Beast         Ice/Summ       14%        N/A       38%         4
 Mephitic Cloud           Conj/Pois/Air  3%         N/A       43%         3


Dungeon Overview and Level Annotations

Branches:
Dungeon (5/15)             Temple (1/1) D:5

Altars:
Ashenzari
Cheibriados
Dithmenos
Elyvilon
Fedhas
Hepliaklqana
Kikubaaqudgha
Okawaru
Ru
Sif Muna
Trog
Wu Jian
Xom
Yredelemnul
The Shining One


Innate Abilities, Weirdness & Mutations

((You are very nimble when in or above water. (Stealth+, EV+, Speed+++)))
Your lower body shifts to a powerful aquatic tail in water.


Message History

The phantom hits you.
* * * LOW HITPOINT WARNING * * *
The phantom blinks!
You blink.
Your icy armour cracks and falls away as you move.
A quokka comes into view.
Found a war axe.
Unknown command.
Unknown command.
The phantom attacks as you move away! The phantom closely misses you.
Unknown command.
You closely miss the phantom. The phantom hits you.
* * * LOW HITPOINT WARNING * * *
The phantom blinks!
You blink.
Unknown command.
You feel better. The phantom hits you.
* * * LOW HITPOINT WARNING * * *
The phantom blinks!
You blink.
A centaur comes into view.
Unknown command.
You are no longer corroded.
The phantom attacks as you move away! The phantom hits you.
* * * LOW HITPOINT WARNING * * *
The quokka attacks as you move away!
The quokka bites you but does no damage.
The phantom attacks as you move away! The phantom hits you.
* * * LOW HITPOINT WARNING * * *
The quokka bites you.
* * * LOW HITPOINT WARNING * * *
There is a staircase to the Ecumenical Temple, spattered with blood here.
Unknown command.
The phantom completely misses you. The quokka misses you.
You climb downwards.
Welcome back to the Ecumenical Temple!
There is a staircase back to the Dungeon here.
Unknown command.
You hit the quokka.
The quokka is poisoned.
The quokka is heavily wounded.
You hit the phantom.
You kill the quokka!
The phantom hits you!
You die...

#...## #.##.##...# #...#
#._.# ##.#.###._.# #._.#
##...## #...####...####...#
##.###.###._.###.###.##.####
##.## ##.##...##.#####..##
##.## ##.##.##.####..#.##
#.## #####.#.#.####.####.#
### #...##.W†##...## ###
#._....@...._.# ###
##...##...##...# ###
#.####.####.#.#.##### ##.#
##.#..####.##.##.## ##.##
##..#####.##...##.## ##.##
####.##.###.###._.###.###.##
#...####...####...# ##...##
#._.# #._.###.#.## #._.#
#...# #...##.##.# ##...#


You could see a phantom.

Vanquished Creatures
  Duvessa (D:4)
  A scorpion (D:4)
  Dowan (D:4)
  A jelly (D:5)
  2 orc wizards (D:3)
  A scorpion zombie (D:4)
  A hound zombie (D:4)
  A howler monkey zombie (D:4)
  3 gnolls (D:3)
  6 adders
  A white imp (D:5)
  An adder zombie (D:4)
  A worm (D:2)
  3 dart slugs
  5 orcs
  3 ball pythons
  2 bats (D:3)
  9 endoplasms
  3 giant cockroaches
  3 goblins
  8 hobgoblins
  6 quokkas
  5 frilled lizards
  4 kobolds
  3 rats
75 creatures vanquished.

Notes
Turn   | Place    | Note
-------+----------+-------------------------------------------
     0 | D:1      | safid the Merfolk Ice Elementalist began the quest for the
                  | Orb.
     0 | D:1      | Reached XP level 1. HP: 13/13 MP: 3/3
   260 | D:1      | Reached XP level 2. HP: 20/20 MP: 5/5
   385 | D:1      | Reached skill level 1 in Fighting
   429 | D:1      | Got the Treatise on Brumal Virulence
   738 | D:2      | Reached XP level 3. HP: 26/26 MP: 6/6
  1042 | D:2      | Learned a level 3 spell: Frozen Ramparts
  1454 | D:3      | Reached skill level 5 in Ice Magic
  1454 | D:3      | Reached XP level 4. HP: 6/33 MP: 4/8
  1456 | D:3      | Reached XP level 5. HP: 6/39 MP: 4/9
  1501 | D:3      | Learned a level 3 spell: Ozocubu's Armour
  1505 | D:3      | Learned a level 3 spell: Hailstorm
  2472 | D:4      | Noticed Duvessa
  2473 | D:4      | Noticed Dowan
  2484 | D:4      | Killed Duvessa
  2485 | D:4      | Reached XP level 6. HP: 39/48 MP: 2/11
  2486 | D:4      | Reached skill level 6 in Ice Magic
  2496 | D:4      | Killed Dowan
  2888 | D:4      | Found a basalt altar of Yredelemnul.
  2944 | D:4      | Reached XP level 7. HP: 24/54 MP: 9/13
  3310 | D:5      | Entered Level 5 of the Dungeon
  3419 | D:5      | Found a staircase to the Ecumenical Temple.
  3439 | Temple   | Entered the Ecumenical Temple
  3724 | Temple   | Slain by a phantom

Illustrated notes

Levels and vault maps discovered:
D:1:      minmay_arrival_jagged, layout_basic
D:2:      layout_basic
D:3:      layout_loops_ring, dreamdust_princess_corridor
D:4:      layout_loops_ring, nicolae_yredelemnul_corpse_copse, uniq_duvessa
D:5:      layout_loops_ring, mainiacjoe_overflow_catwalk,
          minmay_temple_entry_tees, serial_shops, shop, guppyfry_shop_venom,
          uniq_menkaure
Temple:   eino_narrow_crystal_temple

Skill      XL: |  1  2  3  4  5  6 |
---------------+-------------------+-----
Fighting       | 1 2 3 4 |  4.4
Ice Magic      | 5 6 |  6.4
Spellcasting   | 3 4 |  4.3
Dodging        | |  2.6
Stealth        | |  2.1

Action                     |  1- 3 |  4- 6 |  7- 9 || total
---------------------------+-------+-------+-------++-------
  Melee: Dagger            |    38 |       |       ||    38
         Hand axe          |    13 |   110 |    44 ||   167
         Punch             |       |     3 |       ||     3
   Cast: Freeze            |     9 |     2 |     1 ||    12
         Frozen Ramparts   |     1 |     6 |     1 ||     8
         Ozocubu's Armour  |       |     2 |     3 ||     5
    Use: Potion            |       |       |     1 ||     1
   Stab: Sleeping          |     6 |     4 |       ||    10
         Distracted        |       |       |     1 ||     1
 Armour: Robe              |     5 |    28 |     9 ||    42
  Dodge: Dodged            |    28 |    90 |    36 ||   154
